 Dungeon Crawl Stone Soup version 0.31.0-1-g2c135a0 (webtiles) character file.

Game seed: 14525603262157462656

4167 kimidori the Basher (level 10, -6/79 HPs)
             Began as a Human Wanderer on Jan 20, 2024.
             Was a Believer of Wu Jian.
             Killed from afar by a gargoyle (21 damage)
             ... with a stone arrow
             ... on level 9 of the Dungeon.
             The game lasted 00:26:17 (9402 turns).

kimidori the Basher (Human Wanderer)                Turns: 9402, Time: 00:26:17

Health: -6/79      AC: 16    Str: 18    XL:     10   Next: 28%
Magic:  0/11       EV:  6    Int: 11    God:    Wu Jian [**....]
Gold:   137        SH:  0    Dex: 13    Spells: 11/11 levels left

rFire   . . .        a - +3 mace
rCold   + . .        (no shield)
rNeg    . . .        o - +0 plate armour
rPois   .            (no helmet)
rElec   .            (no cloak)
rCorr   .            I - +0 pair of gloves
SInv    +            G - +1 pair of boots
Will    .....        O - amulet of guardian spirit Stlth
                     B - ring of protection from cold
HPRegen 0.33/turn    C - ring of see invisible
MPRegen 0.12/turn

%: guardian spirit
@: on berserk cooldown, slowed, invisible, very slow
A: explore regen
a: Renounce Religion, Wall Jump


You were on level 9 of the Dungeon.
You worshipped Wu Jian.
Wu Jian was pleased with you.
You visited 1 branch of the dungeon, and saw 9 of its levels.

You collected 553 gold pieces.
You spent 416 gold pieces at shops.

Inventory:

Hand Weapons
 a - a +3 mace (weapon)
 j - a +1 dagger of venom
Missiles
 d - 61 stones (quivered)
 f - 20 poisoned darts
 w - a throwing net
Armour
 b - a +0 scale mail
 o - a +0 plate armour (worn)
 G - a +1 pair of boots (worn)
 I - a +0 pair of gloves (worn)
Magical Staves
 Q - a staff of air
Jewellery
 l - a ring of fire
 x - a +6 ring of intelligence
 B - a ring of protection from cold (left hand)
 C - a ring of see invisible (right hand)
 O - an amulet of guardian spirit (around neck)
Talismans
 D - a beast talisman
Wands
 i - a wand of polymorph (20)
 y - a wand of paralysis (1)
 N - a wand of digging (6)
Scrolls
 e - 3 scrolls of blinking
 n - a scroll of noise {unknown}
 p - a scroll of brand weapon {unknown}
 q - 3 scrolls of amnesia
 t - 4 scrolls of teleportation
 u - 4 scrolls of enchant armour
 v - a scroll of immolation {unknown}
 A - 2 scrolls of silence {unknown}
 E - 4 scrolls of vulnerability
 F - a scroll of fog {unknown}
 H - a scroll of revelation {unknown}
 L - 2 scrolls of poison {unknown}
 M - a scroll of enchant weapon {unknown}
 P - 3 scrolls of fear
Potions
 c - a potion of cancellation {unknown}
 g - a potion of ambrosia {unknown}
 h - 2 potions of brilliance
 m - 2 potions of attraction
 r - 2 potions of magic
 s - a potion of curing
 z - a potion of enlightenment {unknown}
 J - 2 potions of might
 K - a potion of mutation {unknown}


   Skills:
 + Level 7.3 Fighting
 * Level 11.7 Maces & Flails
 + Level 7.3 Armour
 - Level 1.0 Dodging
 - Level 1.0 Spellcasting


You had 11 spell levels left.
You didn't know any spells.
Your spell library contained the following spells:

 Spells                   Type           Power      Damage    Failure   Level
 Apportation              Tloc           0%         N/A       100%        1
 Freeze                   Ice            0%         1d3       100%        1
 Jinxbite                 Hex            0%         N/A       100%        2
 Lesser Beckoning         Tloc           0%         N/A       100%        2
 Frozen Ramparts          Ice            0%         1d1       100%        3
 Gell's Gravitas          Tloc           0%         N/A       100%        3
 Hailstorm                Conj/Ice       0%         3d5       100%        3
 Inner Flame              Hex/Fire       0%         N/A       100%        3
 Teleport Other           Tloc           0%         N/A       100%        3
 Tukima's Dance           Hex            0%         N/A       100%        3
 Dimensional Bullseye     Hex/Tloc       0%         N/A       100%        4
 Iskenderun's Mystic Bla  Conj/Tloc      0%         2d3       100%        4
 Alistair's Intoxication  Alch           0%         N/A       100%        5
 Irradiate                Conj/Alch      0%         3d11      100%        5
 Ignition                 Fire           0%         3d3       100%        8


Dungeon Overview and Level Annotations

Branches:
Dungeon (9/15)             Temple (0/1) D:7
   Lair: D:8-11         Orc: D:9-12

Altars:
Elyvilon
Kikubaaqudgha
Nemelex Xobeh
Okawaru
Ru
Wu Jian
Xom

Shops:
D:8 [?!   D:9 !

Annotations:
D:2 1 runed translucent door, Crazy Yiuf
D:6 2 transporters, cpf86's ghost, novice DsSh
D:8 dig


Innate Abilities, Weirdness & Mutations

You regain HP and MP as you explore.


Message History

You barely miss the gargoyle.
The gargoyle is lightly damaged.
You feel sick.
You sock the gargoyle!
The gargoyle is heavily damaged.
You are no longer berserk.
You are exhausted.
You feel yourself slow down.
You feel sick. The gargoyle barely misses you.
You feel much better.
You feel very sick. The gargoyle closely misses you.
You hit the gargoyle.
The gargoyle is heavily damaged.
You feel sick.
The gargoyle hurls a stone arrow at you.
The stone arrow hits you!
The gargoyle hurls a stone arrow at you.
The stone arrow hits you!
You feel better.
The gargoyle hurls a stone arrow at you.
The stone arrow hits you!
* * * LOW HITPOINT WARNING * * *
Press: ? - help, v - describe, . - travel
Here: a gargoyle, wielding a +1 flail of venom (heavily damaged)
The floor.
You fade into invisibility!
The gargoyle hits you with a +1 flail of venom!
* * * LOW HITPOINT WARNING * * *
You are poisoned.
The gargoyle hurls a stone arrow at you.
The stone arrow hits you.
* * * LOW HITPOINT WARNING * * *
You feel better.
The gargoyle hurls a stone arrow at you.
The stone arrow hits you.
* * * LOW HITPOINT WARNING * * *
The gargoyle hurls a stone arrow at something.
The gargoyle hurls a stone arrow at you.
The stone arrow hits you!!
You die...

...#....#...............
..##....#...............
..#.....#...............
..#'#####...............
........................
................9.......
........................
.................#######
.....##########.@#
.....# #..# .....# #..#
.....# #..# .....# #..#
.....# #..###### #....#
#........ #....#
#........ #....#
#........


You could see a gargoyle (unable to see you).

Vanquished Creatures
  A komodo dragon (D:9)
  A kobold demonologist (D:8)
  A troll (D:7)
  Grinder (D:6)
  Sigmund (D:3)
  3 steam dragons (D:7)
  Eustachio (D:6)
  A water moccasin (D:7)
  4 sky beasts
  A black bear (D:7)
  2 ice beasts
  A centaur (D:8)
  2 phantoms
  Blork the orc (D:5)
  A kobold brigand (D:7)
  3 bullfrogs
  2 gnoll sergeants (D:6)
  2 scorpions
  5 howler monkeys
  A jelly (D:5)
  3 orc priests
  6 hounds
  3 gnoll boudas
  A sleepcap (D:6)
  An iguana (D:4)
  2 orc wizards (D:8)
  11 gnolls
  6 adders
  2 ufetubi (D:7)
  3 ribbon worms
  3 dart slugs
  16 orcs
  4 endoplasms
  3 giant cockroaches
  5 goblins
  4 hobgoblins
  4 jackals (D:2)
  11 kobolds
  4 quokkas
  7 ball pythons
  7 bats
  2 frilled lizards (D:1)
  6 rats (D:1)
149 creatures vanquished.

Vanquished Creatures (others)
  A sky beast (D:7)
1 creature vanquished.

Grand Total: 150 creatures vanquished

Notes
Turn   | Place    | Note
-------+----------+-------------------------------------------
     0 | D:1      | kimidori the Human Wanderer began the quest for the Orb.
     0 | D:1      | kimidori set off with the following items: a +3 mace, a +0
                  | scale mail, a potion of lignification.
     0 | D:1      | Reached XP level 1. HP: 21/21 MP: 2/2
   186 | D:1      | Reached XP level 2. HP: 27/27 MP: 3/3
   230 | D:1      | Reached skill level 3 in Maces & Flails
   318 | D:1      | Reached XP level 3. HP: 33/33 MP: 4/4
   388 | D:1      | Found a faded altar of an unknown god.
  1044 | D:2      | Reached skill level 4 in Maces & Flails
  1048 | D:2      | Reached XP level 4. HP: 37/39 MP: 5/5
  1271 | D:2      | Found a runed translucent door.
  1272 | D:2      | Noticed Crazy Yiuf
  1925 | D:3      | You fall into a shaft and drop 2 floors!
  1925 | D:5      | Entered Level 5 of the Dungeon
  1994 | D:5      | Found an ornate altar of the Wu Jian Council.
  1999 | D:5      | Noticed a spectral centipede
  1999 | D:5      | Noticed a spectral black mamba
  1999 | D:5      | Noticed a spectral cane toad
  2000 | D:5      | Became a worshipper of the Wu Jian Council
  2143 | D:4      | Reached XP level 5. HP: 11/44 MP: 6/6
  2395 | D:4      | Reached skill level 5 in Maces & Flails
  3157 | D:3      | Found a sparkling altar of Nemelex Xobeh.
  3298 | D:3      | Reached skill level 6 in Maces & Flails
  3298 | D:3      | Reached XP level 6. HP: 42/51 MP: 7/7
  3405 | D:3      | Noticed Sigmund
  3419 | D:3      | Reached * piety under Wu Jian
  3782 | D:3      | Killed Sigmund
  3783 | D:3      | Reached skill level 7 in Maces & Flails
  3783 | D:3      | Reached XP level 7. HP: 56/56 MP: 8/8
  4010 | D:5      | Found a white marble altar of Elyvilon.
  4011 | D:5      | Found a shimmering altar of Xom.
  4012 | D:5      | Found a sacrificial altar of Ru.
  4012 | D:5      | Found an ancient bone altar of Kikubaaqudgha.
  4082 | D:5      | Noticed Blork the orc
  4104 | D:5      | Killed Blork the orc
  4105 | D:5      | Reached skill level 8 in Maces & Flails
  4574 | D:6      | Noticed Eustachio
  4795 | D:6      | Reached skill level 9 in Maces & Flails
  4795 | D:6      | Reached XP level 8. HP: 55/62 MP: 9/9
  4897 | D:6      | Found a transporter.
  4900 | D:6      | Noticed cpf86's ghost (novice DsSh)
  4901 | D:6      | Found a transporter.
  5218 | D:6      | Killed Eustachio
  5271 | D:6      | Found an iron altar of Okawaru.
  5504 | D:6      | Noticed Grinder
  5504 | D:6      | Paralysed by Grinder for 2 turns
  5513 | D:6      | Killed Grinder
  5514 | D:6      | Reached skill level 5 in Armour
  5691 | D:7      | Noticed a troll
  5698 | D:7      | Killed a troll
  5699 | D:7      | Reached XP level 9. HP: 42/68 MP: 10/10
  6242 | D:7      | Reached skill level 10 in Maces & Flails
  6794 | D:7      | Found a staircase to the Ecumenical Temple.
  7648 | D:7      | Reached skill level 11 in Maces & Flails
  7787 | D:8      | Reached ** piety under Wu Jian
  7811 | D:7      | Reached XP level 10. HP: 71/77 MP: 11/11
  7851 | D:8      | Found Dorhuu's Magic Scroll Shop.
  7875 | D:8      | Bought a scroll of identify for 24 gold pieces
  7875 | D:8      | Bought a scroll of teleportation for 36 gold pieces
  7875 | D:8      | Bought a scroll of blinking for 90 gold pieces
  7875 | D:8      | Bought a scroll of fear for 48 gold pieces
  7875 | D:8      | Bought a scroll of fear for 48 gold pieces
  8281 | D:8      | Found Ticra's Distillery.
  8287 | D:8      | Bought a potion of invisibility for 80 gold pieces
  8287 | D:8      | Bought a potion of berserk rage for 50 gold pieces
  8287 | D:8      | Bought a potion of might for 40 gold pieces
  8639 | D:8      | Found Woab's Antique Armour Boutique.
  8866 | D:9      | Noticed a kobold demonologist
  8868 | D:9      | Noticed an orange demon
  8972 | D:9      | Noticed a sun demon
  8975 | D:8      | Noticed an orange demon
  8990 | D:8      | Killed a kobold demonologist
  9050 | D:9      | Noticed a two-headed ogre
  9373 | D:9      | Noticed a gargoyle
  9402 | D:9      | Killed from afar by a gargoyle

Illustrated notes

Levels and vault maps discovered:
D:1:      dpeg_arrival_lava_temple_mockup, layout_rooms,
          chequers_ecumenical_altar_lobes
D:2:      layout_basic, uniq_crazy_yiuf_cottage
D:3:      layout_rooms, nemelex_dance_club_becter, uniq_sigmund
D:4:      nicolae_cairo_tiling, layout_loops_cross, corexii_leaking_fountain
D:5:      layout_rooms, grunt_temple_overflow_open,
          pdpol_wu_jian_five_deadly_venoms, uniq_blork_the_orc
D:6:      layout_cave_pools, okawaru_metal_pillars_3, gammafunk_ghost_arena,
          serial_gnoll_camp, gnoll_camp_mini_hut, gnoll_camp_mini_hut,
          gnoll_camp_mini_loothouse, gnoll_camp_mini_hut,
          dreamdust_mushroom_princess, uniq_eustachio, uniq_grinder
D:7:      layout_basic, minmay_temple_entry_antechambers, hangedman_misty_isle
D:8:      cheibrodos_quashed, layout_basic, serial_shops, shop,
          nicolae_shop_peninsula, nicolae_shop_window_shopping
D:9:      layout_irregular_city, grunt_lair_entry_orc_guard_hut,
          nicolae_shop_vocational

Skill      XL: |  1  2  3  4  5  6  7  8  9 10 |
---------------+-------------------------------+-----
Maces & Flails | 3 4 6 7 9 11 | 11.7
Armour         | 5 6 7 |  7.3
Fighting       | 6 7 |  7.3
Dodging        | |  1.0
Spellcasting   | |  1.0

Action                     |  1- 3 |  4- 6 |  7- 9 | 10-12 || total
---------------------------+-------+-------+-------+-------++-------
  Melee: Mace              |    79 |   137 |   339 |   110 ||   665
         Punch             |       |       |     6 |     3 ||     9
  Throw: Stone             |     3 |     5 |       |       ||     8
         Dart              |       |     2 |     5 |       ||     7
Ability: Lunge             |       |     4 |     5 |       ||     9
         Whirlwind         |       |     1 |     6 |     1 ||     8
  Evoke: Wand              |       |     2 |     4 |       ||     6
    Use: Potion            |       |     3 |     2 |     5 ||    10
         Scroll            |       |       |     8 |     1 ||     9
   Stab: Paralysed         |       |     4 |     5 |       ||     9
 Armour: Scale mail        |    50 |    12 |       |       ||    62
         Plate armour      |       |   110 |   311 |   100 ||   521
         Skin              |       |     5 |       |       ||     5
  Dodge: Dodged            |    34 |    33 |    76 |    20 ||   163
